 Dungeon Crawl Stone Soup version 0.32-a0-791-gfc315c9ecd (webtiles) character file.

Game seed: 4612961318516993542

6619 Dirtsage the Geomancer (level 11, 0/68 HPs)
             Began as a Gargoyle Earth Elementalist on Mar 19, 2024.
             Was a Priest of Vehumet.
             Slain by a gargoyle
             ... wielding a +0 mace
              (9 damage)
             ... on level 10 of the Dungeon on Mar 20, 2024.
             The game lasted 00:22:49 (9678 turns).

Dirtsage the Geomancer (GrEE)                       Turns: 9678, Time: 00:22:49

Health: 0/68       AC: 16    Str: 13    XL:     11   Next: 2%
Magic:  0/21       EV: 10    Int: 19    God:    Vehumet [***...]
Gold:   484        SH:  3    Dex: 10    Spells: 11/23 levels left

rFire   + . .        i - +2 short sword (venom)
rCold   . . .        m - +0 buckler
rNeg    + + .        z - +2 leather armour {rF+}
rPois   ∞            y - +0 hat
rElec   +            u - +1 cloak
rCorr   .            o - +0 pair of gloves
SInv    .            (no boots)
Will    .....        c - amulet of faith
Stlth   ++           N - ring of positive energy
HPRegen 0.31/turn    (no ring)
MPRegen 0.17/turn

%: faith
@: studying Long Blades
A: sickness immunity, AC +8, negative energy resistance 1, electricity
resistance, torment resistance 1, petrification resistance
a: Renounce Religion


You were on level 10 of the Dungeon.
You worshipped Vehumet.
Vehumet was most pleased with you.
You visited 1 branch of the dungeon, and saw 10 of its levels.

You collected 484 gold pieces.

Inventory:

Hand Weapons
 i - a +2 short sword of venom (weapon)
 v - a +3 quarterstaff of chaos
Armour
 a - a +0 robe
 m - a +0 buckler (worn)
 o - a +0 pair of gloves (worn)
 u - a +1 cloak (worn)
 y - a +0 hat (worn)
 z - a +2 leather armour of fire resistance (worn)
Jewellery
 c - an amulet of faith (around neck)
 F - a ring of protection from fire
 N - a ring of positive energy (left hand)
Wands
 q - a wand of polymorph (11)
 x - a wand of iceblast (13)
 A - a wand of flame (18)
Scrolls
 e - 2 scrolls of poison
 f - 2 scrolls of vulnerability
 g - a scroll of fear
 h - 2 scrolls of immolation
 t - a scroll of amnesia {unknown}
 w - a scroll of enchant armour {unknown}
 B - a scroll of fog
 C - a scroll of enchant weapon
Potions
 b - a potion of magic
 d - 4 potions of curing {unknown}
 j - a potion of mutation
 k - 2 potions of lignification
 l - a potion of cancellation {unknown}
 n - a potion of resistance
 p - 2 potions of enlightenment
 r - 3 potions of attraction {unknown}
 s - 2 potions of heal wounds {unknown}
 D - a potion of haste {unknown}


   Skills:
 + Level 7.7 Fighting
 - Level 1.5 Dodging
 - Level 2.1 Stealth
 + Level 6.8 Spellcasting
 + Level 7.7 Conjurations
 + Level 3.8 Ice Magic
 * Level 12.5 Earth Magic


You had 11 spell levels left.
You knew the following spells:

 Your Spells              Type           Power      Damage    Failure   Level
a - Sandblast             Erth           100%       2d20      1%          1
b - Brom's Barrelling Bo  Conj/Erth      45%        2d6       1%          4
c - Freeze                Ice            84%        1d9       1%          1
d - Frozen Ramparts       Ice            42%        1d7       3%          3
x - Stone Arrow           Conj/Erth      90%        3d12      1%          3

Your spell library contained the following spells:

 Spells                   Type           Power      Damage    Failure   Level
 Sticky Flame             Fire/Alch      6%         2d4       41%         4
 Momentum Strike          Conj/Tloc      42%        3d9       1%          2
 Hailstorm                Conj/Ice       28%        3d8       1%          3
 Passwall                 Erth           53%        N/A       1%          3
 Fulminant Prism          Conj/Alch      10%        3d8       11%         4
 Iskenderun's Mystic Bla  Conj/Tloc      21%        2d6       11%         4
 Ensorcelled Hibernation  Hex/Ice        26%        N/A       13%         2
 Petrify                  Alch/Erth      30%        N/A       14%         4
 Volatile Blastmotes      Fire/Tloc      12%        2d11      16%         3
 Blink                    Tloc           12%        N/A       28%         2
 Lesser Beckoning         Tloc           12%        N/A       28%         2
 Swiftness                Air            6%         N/A       50%         3


Dungeon Overview and Level Annotations

Branches:
Dungeon (10/15)
 Temple: D:4-7         Lair: D:8-11         Orc: D:9-12

Altars:
Dithmenos
Vehumet
Wu Jian
The Shining One
Beogh

Shops:
D:10 [

Annotations:
D:4 Dowan, Duvessa


Innate Abilities, Weirdness & Mutations

You are immune to sickness and miasma.
Your stone body is resilient. (AC +8)
You are immune to poison.
You resist negative energy. (rN+)
You are resistant to electric shocks. (rElec)
You are resistant to unholy torment.
You are immune to petrification.


Message History

The gargoyle hits you with a +0 mace.
You take 2 damage, and have 26/68 hp.
You hit the gargoyle but do no damage.
The gargoyle is severely damaged.
The gargoyle barely misses you.
Aiming: Sandblast (safe; 1% risk of failure)
Press: ? - help, Q - select action, (/) - cycle Shift-Dir - straight line, f/p - gargoyle
Aim: a gargoyle, wielding a +0 mace (severely damaged, 93% to hit)
The blast of sand hits the gargoyle but does no damage.
The gargoyle is severely damaged.
The gargoyle barely misses you.
You now have 0/21 mp.
You hit the gargoyle but do no damage.
The gargoyle is severely damaged.
The gargoyle hits you with a +0 mace.
You take 3 damage, and have 24/68 hp.
You hit the gargoyle but do no damage.
The gargoyle is heavily damaged.
The gargoyle hits you with a +0 mace!
* * * LOW HITPOINT WARNING * * *
You take 7 damage, and have 17/68 hp.
You hit the gargoyle but do no damage.
The gargoyle is heavily damaged.
You block the gargoyle's attack.
You hit the gargoyle but do no damage.
The gargoyle is heavily damaged.
The gargoyle hits you but does no damage.
Aiming: Sandblast (safe; 1% risk of failure)
Press: ? - help, Q - select action, (/) - cycle Shift-Dir - straight line, p - gargoyle
Okay, then.
Aiming: Sandblast (safe; 1% risk of failure)
Press: ? - help, Q - select action, (/) - cycle Shift-Dir - straight line, f/p - gargoyle
Aim: a gargoyle, wielding a +0 mace (heavily damaged, 93% to hit)
The blast of sand hits the gargoyle but does no damage.
The gargoyle is heavily damaged.
The gargoyle hurls a stone arrow at you.
The stone arrow hits you!
* * * LOW HITPOINT WARNING * * *
The gargoyle hits you with a +0 mace!
You die...

......>..#..#..#.[.#.....#.
########.#..####...#.....#.
#.#.........#.....#. #
#.#.........#.....#. #.
#.#.........#.#####. #..
#.).........#.#.....
#..########.#.##'#....#.#.....
#...........###..######.#.....
#...........9@..........#####.
#.........#########.........#.
#....###### #.........'. #....
#.........#. #....
#.........#. ..Y...
#.........#. .......
#.......###. ....Y..
#.......#... .......
#.......#...


You could see a gargoyle.

Vanquished Creatures
  An ugly thing (D:6)
  A komodo dragon (D:8)
  A hornet (D:9)
  A troll (D:10)
  Grinder (D:4)
  3 wraiths
  Sigmund (D:3)
  A vampire (D:7)
  A vampire mosquito (D:8)
  5 yaks
  A black bear (D:5)
  5 orc warriors
  2 ice beasts
  3 centaurs
  4 bullfrogs
  3 kobold brigands
  Blork the orc (D:4)
  A scorpion (D:5)
  9 wights
  8 killer bees
  3 howler monkeys (D:7)
  A bombardier beetle (D:6)
  A sleepcap (D:7)
  Crazy Yiuf (D:3)
  2 hounds
  3 jellies
  5 orc priests
  Terence (D:3)
  5 gnoll boudas
  4 iguanas
  Ijyb (D:2)
  Natasha (thrice) (D:4)
  9 orc wizards
  19 gnolls
  4 adders
  A white imp (D:7)
  4 dart slugs
  3 ribbon worms
  28 orcs
  8 endoplasms
  5 giant cockroaches
  6 goblins
  8 hobgoblins
  3 jackals (D:2)
  A quokka (D:1)
  8 ball pythons
  5 bats
  3 frilled lizards
  16 kobolds
  2 rats
216 creatures vanquished.

Vanquished Creatures (collateral kills)
  An orc (D:9)
1 creature vanquished.

Grand Total: 217 creatures vanquished

Notes
Turn   | Place    | Note
-------+----------+-------------------------------------------
     0 | D:1      | Dirtsage the Gargoyle Earth Elementalist began the quest
                  | for the Orb.
     0 | D:1      | Reached XP level 1. HP: 10/10 MP: 3/3
   254 | D:1      | Reached XP level 2. HP: 16/16 MP: 0/5
   379 | D:1      | Reached skill level 4 in Earth Magic
   787 | D:1      | Reached skill level 1 in Fighting
   800 | D:1      | Reached XP level 3. HP: 18/20 MP: 6/6
   957 | D:2      | Learned a level 3 spell: Stone Arrow
  1744 | D:3      | Noticed Sigmund
  1746 | D:3      | Noticed Ijyb
  1872 | D:3      | Reached XP level 4. HP: 25/25 MP: 7/7
  1961 | D:3      | Noticed Terence
  1978 | D:2      | Killed Ijyb
  2242 | D:3      | Killed Terence
  2243 | D:3      | Reached skill level 5 in Earth Magic
  2243 | D:3      | Reached XP level 5. HP: 30/30 MP: 4/9
  2318 | D:3      | Killed Sigmund
  2319 | D:3      | Reached XP level 6. HP: 36/36 MP: 7/10
  2585 | D:3      | Found a runed translucent door.
  2586 | D:3      | Noticed Crazy Yiuf
  2594 | D:3      | Killed Crazy Yiuf
  2595 | D:3      | Reached skill level 6 in Earth Magic
  2842 | D:4      | Noticed Blork the orc
  2854 | D:4      | Killed Blork the orc
  2855 | D:4      | Reached XP level 7. HP: 40/41 MP: 6/12
  2919 | D:4      | Noticed Natasha
  2924 | D:4      | Killed Natasha
  2937 | D:4      | Noticed Natasha
  2939 | D:4      | Killed Natasha
  3093 | D:4      | Noticed Duvessa
  3093 | D:4      | Noticed Dowan
  3378 | D:4      | Noticed Natasha
  3380 | D:4      | Killed Natasha
  3439 | D:4      | Noticed Grinder
  3443 | D:4      | Killed Grinder
  3444 | D:4      | Reached skill level 7 in Earth Magic
  3878 | D:5      | Entered Level 5 of the Dungeon
  3886 | D:5      | Reached XP level 8. HP: 30/48 MP: 12/14
  4058 | D:5      | Reached skill level 8 in Earth Magic
  4375 | D:5      | Found a radiant altar of Vehumet.
  4388 | D:5      | Became a worshipper of Vehumet
  4600 | D:5      | Learned a level 4 spell: Brom's Barrelling Boulder
  4956 | D:6      | Noticed a wraith
  5163 | D:6      | Reached skill level 5 in Conjurations
  5813 | D:6      | Killed a wraith
  5814 | D:6      | Reached skill level 5 in Fighting
  5814 | D:6      | Reached skill level 9 in Earth Magic
  5943 | D:6      | Reached XP level 9. HP: 54/54 MP: 16/16
  5960 | D:6      | Noticed a brown ugly thing
  5972 | D:6      | Killed a brown ugly thing
  5973 | D:6      | Reached skill level 5 in Spellcasting
  6156 | D:7      | Reached skill level 10 in Earth Magic
  6618 | D:7      | Reached * piety under Vehumet
  6618 | D:7      | Offered knowledge of Freeze by Vehumet.
  6621 | D:7      | Learned a level 1 spell: Freeze
  6919 | D:7      | Reached skill level 1 in Ice Magic
  7359 | D:8      | Noticed a komodo dragon
  7361 | D:8      | Reached skill level 11 in Earth Magic
  7361 | D:8      | Reached XP level 10. HP: 61/61 MP: 11/18
  7472 | D:8      | Offered knowledge of Static Discharge by Vehumet.
  7477 | D:8      | Reached ** piety under Vehumet
  7764 | D:8      | Upgraded the game from 0.32-a0-779-g362cfcae2a to
                  | 0.32-a0-791-gfc315c9ecd
  8389 | D:8      | Found a glowing golden altar of the Shining One.
  8453 | D:8      | Found an ornate altar of the Wu Jian Council.
  8552 | D:9      | Offered knowledge of Searing Ray by Vehumet.
  8578 | D:9      | HP: 3/63 [acid dragon/splash of acid (11)]
  8817 | D:9      | Reached *** piety under Vehumet
  8849 | D:9      | Found a roughly hewn altar of Beogh.
  8855 | D:9      | Reached skill level 12 in Earth Magic
  8858 | D:10     | Entered Level 10 of the Dungeon
  9152 | D:10     | Offered knowledge of Sticky Flame by Vehumet.
  9267 | D:10     | Learned a level 3 spell: Frozen Ramparts
  9427 | D:10     | Found a shadowy altar of Dithmenos.
  9441 | D:10     | Found Feiggiokk's Armour Boutique.
  9654 | D:10     | Noticed a gargoyle
  9658 | D:10     | Reached XP level 11. HP: 61/68 MP: 13/21
  9678 | D:10     | Slain by a gargoyle

Illustrated notes

Levels and vault maps discovered:
D:1:      nzn_arrival_crosshair, layout_basic, minmay_misc_feat_cross
D:2:      wad_pebble_path, layout_basic, grunt_decor_arrowhead,
          mrwooster_statue_mirror
D:3:      layout_rooms, uniq_sigmund, uniq_terence, uniq_ijyb,
          uniq_crazy_yiuf_cottage
D:4:      layout_loops_ring, uniq_natasha, uniq_duvessa, uniq_blork_the_orc,
          uniq_grinder
D:5:      layout_basic, vehumet_crystals, minmay_temple_entry_poolview
D:6:      layout_gridville, minmay_manual_macuahuitl
D:7:      layout_rooms
D:8:      layout_rooms, pdpol_wu_jian_five_deadly_venoms, tso_oasis_becter,
          minmay_small_thing
D:9:      layout_gridville, special_room [special_room_orc], nicolae_the_louvre
D:10:     layout_irregular_city, grunt_dithmenos_smoke, serial_shops,
          nicolae_diamond_shop

Skill      XL: |  1  2  3  4  5  6  7  8  9 10 |
---------------+-------------------------------+-----
Earth Magic    | 4 5 6 7 9 11 12 | 12.5
Fighting       | 1 2 3 4 5 6 7 |  7.7
Conjurations   | 2 3 4 5 6 7 |  7.7
Spellcasting   | 3 4 5 6 |  6.8
Ice Magic      | 1 3 |  3.8
Dodging        | |  1.5
Stealth        | |  2.1

Action                     |  1- 3 |  4- 6 |  7- 9 | 10-12 || total
---------------------------+-------+-------+-------+-------++-------
  Melee: Short sword       |    73 |    56 |   157 |    71 ||   357
         Unarmed           |    22 |     3 |       |       ||    25
   Cast: Sandblast         |    27 |    28 |    59 |    68 ||   182
         Stone Arrow       |       |       |    53 |    29 ||    82
         Brom's Barrelling |       |       |       |     6 ||     6
         Frozen Ramparts   |       |       |       |     1 ||     1
    Use: Scroll            |     8 |       |     5 |     4 ||    17
         Potion            |       |       |     2 |       ||     2
   Stab: Sleeping          |     2 |     1 |     1 |       ||     4
 Armour: Robe              |    67 |    57 |    75 |       ||   199
         Leather armour    |       |       |    74 |   148 ||   222
  Dodge: Dodged            |    67 |    40 |   121 |   101 ||   329
  Block: Buckler           |       |       |       |     2 ||     2

Table legend: (Time is in decaauts)
 A = Elapsed time spent in this place.
 B = Non-inter-level travel time spent in this place.
 C = Inter-level travel time spent in this place.
 D = Time resting spent in this place.
 E = Time spent auto-exploring this place.
 F = Levels seen in this place.
 G = Mean time per level.
                   A        B        C        D        E       F      G
               +--------+--------+--------+--------+--------+-----+--------+
         Total |   9807 |   9385 |    422 |   1377 |   6347 |  10 |  980.7 |
       Dungeon |   9807 |   9385 |    422 |   1377 |   6347 |  10 |  980.7 |
               +--------+--------+--------+--------+--------+-----+--------+

Top non-repeatable levels by time:
     D:6: 1516 daAuts
     D:4: 1356 daAuts
     D:8: 1267 daAuts
     D:7: 1185 daAuts
     D:2: 1114 daAuts
     D:1: 919 daAuts
    D:10: 833 daAuts
     D:5: 795 daAuts
     D:3: 644 daAuts
     D:9: 174 daAuts
